 Dungeon Sprint DCSS version 0.30.1-11-g7821555f0a (webtiles) character file.

Game seed: 651764424327374607

85 Heoruswealwe the Poker (level 4, -10/44 HPs)
             Began as a Minotaur Fighter on Dec 3, 2023.
             Was an Initiate of Gozag.
             Succumbed to a hornet's poison
             ... in the Dungeon (Sprint IX: "|||||||||||||||||||||||||||||").
             The game lasted 00:01:07 (118 turns).

Heoruswealwe the Poker (Minotaur Fighter)            Turns: 118, Time: 00:01:08

Health: -10/44     AC:  7    Str: 22    XL:     4   Next: 25%
Magic:  3/3        EV:  9    Int:  5    God:    Gozag
Gold:   0          SH:  4    Dex: 10    Spells: 3/3 levels left

rFire   . . .        a - +0 trident
rCold   . . .        d - +0 buckler
rNeg    . . .        c - +0 scale mail
rPois   .            (helmet restricted)
rElec   .            (no cloak)
rCorr   .            (no gloves)
SInv    .            (no boots)
Will    .....        (no amulet) Stlth
                     (no ring)
HPRegen 0.27/turn    (no ring)
MPRegen 0.08/turn

%: no teleportation
@: lethally poisoned (-10 -> -43), slowed, very slow
A: horns 2, retaliatory headbutt
a: Renounce Religion, Potion Petition, Call Merchant, Bribe Branch


You were in the Dungeon.
You worshipped Gozag.
Gozag was noncommittal.
You visited 1 branch

Inventory:

Hand Weapons
 a - a +0 trident (weapon)
Armour
 c - a +0 scale mail (worn)
 d - a +0 buckler (worn)
Jewellery
 k - a +3 ring of strength
 l - a +3 ring of intelligence
Wands
 h - a wand of iceblast (10)
Scrolls
 j - 2 scrolls of blinking
Potions
 b - a potion of might
 e - 5 potions of curing
 f - 3 potions of heal wounds
 g - a potion of haste
 i - a potion of berserk rage


   Skills:
 + Level 6.2 Fighting
 * Level 7.5 Polearms
 + Level 6.2 Armour
 - Level 3.6 Shields


You had 3 spell levels left.
You didn't know any spells.
Your spell library was empty.

Dungeon Overview and Level Annotations

Branches:
Dungeon (1/1)

Altars:
Cheibriados
Dithmenos
Elyvilon
Fedhas
Gozag
Hepliaklqana
Kikubaaqudgha
Makhleb
Nemelex Xobeh
Okawaru
Qazlal
Ru
Sif Muna
Trog
Uskayaw
Vehumet
Wu Jian
Xom
Yredelemnul
Zin
The Shining One
Jiyva
Lugonu


Innate Abilities, Weirdness & Mutations

You have a pair of horns on your head.
You reflexively headbutt those who attack you in melee.


Message History

h - a wand of iceblast (10)
Items here: )))))).
Okay, then.
You see here a +0 helmet.
You see here a +0 helmet.
You see here a +1 scale mail.
k - a +3 ring of strength
l - a +3 ring of intelligence You open the door.
A steam dragon, a centaur, a killer bee, a wraith and 2 hornets come into view.
The centaur shouts!
The hornet buzzes angrily.
The hornet stings you!
You feel yourself slow down.
You barely miss the hornet. The hornet barely misses you.
The hornet closely misses you.
You hit the hornet.
The hornet is lightly wounded.
You feel yourself speed up. You block the hornet's attack.
The hornet stings you but does no damage.
You hit the hornet but do no damage.
You headbutt the hornet, but do no damage.
The hornet is lightly wounded.
The hornet stings you!
You are poisoned.
You feel yourself slow down. The hornet barely misses you.
You hit the hornet.
The hornet is moderately wounded.
You feel very sick. The hornet stings you.
* * * LOW HITPOINT WARNING * * *
You are lethally poisoned!
You feel as though you will be slow longer.
The hornet stings you!
* * * LOW HITPOINT WARNING * * *
You are more poisoned.
You feel as though you will be slow longer.
You barely miss the hornet.
The hornet is moderately wounded.
You die...
Your body crumbles into a pile of gold. ▓▓▓▓▓▓▓▓▓▓▓▓▓▓▓▓▓▓▓▓▓▓▓▓ .DcyyWy@.[[[.)?!'_______ ▓▓▓▓▓▓▓▓▓▓▓▓▓▓▓▓▓▓▓▓▓▓▓▓ $ $$ $ $$$$$ $ $ $ $$$$$ $$$$$$

You could see 2 hornets, a wraith, a steam dragon, a centaur and a killer bee.

Vanquished Creatures
  A howler monkey (D)
  A hound (D)
  A shadow imp (D)
  2 orcs (D)
  2 ball pythons (D)
  A bat (D)
  A frilled lizard (D)
  A rat (D)
10 creatures vanquished.

Notes
Turn   | Place    | Note
-------+----------+-------------------------------------------
     0 | D        | Heoruswealwe the Minotaur Fighter began the quest for the
                  | Orb.
     0 | D        | Reached XP level 1. HP: 19/19 MP: 0/0
     9 | D        | Reached skill level 3 in Polearms
    33 | D        | Noticed a howler monkey
    33 | D        | Noticed a hound
    41 | D        | Killed a hound
    42 | D        | Reached skill level 5 in Fighting
    42 | D        | Reached skill level 5 in Polearms
    42 | D        | Reached skill level 5 in Armour
    42 | D        | Reached XP level 2. HP: 14/29 MP: 1/1
    42 | D        | Reached XP level 3. HP: 18/36 MP: 2/2
    56 | D        | Reached skill level 6 in Polearms
    64 | D        | Reached skill level 7 in Polearms
    64 | D        | Reached XP level 4. HP: 21/44 MP: 3/3
    70 | D        | Found a snail-covered altar of Cheibriados.
    70 | D        | Found a shadowy altar of Dithmenos.
    70 | D        | Found a white marble altar of Elyvilon.
    70 | D        | Found a blossoming altar of Fedhas.
    70 | D        | Found an opulent altar of Gozag.
    71 | D        | Found a hazy altar of Hepliaklqana.
    72 | D        | Found a viscous altar of Jiyva.
    73 | D        | Found an ancient bone altar of Kikubaaqudgha.
    74 | D        | Found a corrupted altar of Lugonu.
    75 | D        | Found a burning altar of Makhleb.
    76 | D        | Found a sparkling altar of Nemelex Xobeh.
    77 | D        | Found an iron altar of Okawaru.
    78 | D        | Became a worshipper of Gozag Ym Sagoz the Greedy
    79 | D        | Found a stormy altar of Qazlal.
    80 | D        | Found a sacrificial altar of Ru.
    81 | D        | Found a shimmering blue altar of Sif Muna.
    82 | D        | Found a bloodstained altar of Trog.
    83 | D        | Found a hide-covered altar of Uskayaw.
    84 | D        | Found a radiant altar of Vehumet.
    85 | D        | Found an ornate altar of the Wu Jian Council.
    86 | D        | Found a shimmering altar of Xom.
    87 | D        | Found a basalt altar of Yredelemnul.
    88 | D        | Found a glowing silver altar of Zin.
    89 | D        | Found a glowing golden altar of the Shining One.
   113 | D        | Noticed a steam dragon
   113 | D        | Noticed a centaur
   113 | D        | Noticed a hornet
   113 | D        | Noticed a wraith
   113 | D        | Noticed a hornet
   117 | D        | HP: 1/44 [hornet (11)]
   118 | D        | Succumbed to a hornet's poison

Illustrated notes

Levels and vault maps discovered:
D:        linesprint [early_d, line_temple, items_1, d_10, items_2, lair_1,
          lair_end, items_3, orc_1, orc_end, items_4, d_15, swamp_1, shoals_1,
          snake_1, spider_1, d_20, vaults_1, items_5, swamp_end, shoals_end,
          snake_end, spider_end, vaults_end, d_27, items_6, zot_1, zot_end,
          crypt_end, forest_end, elf_end, slime_end, tomb_end, abyss_end,
          pan_hell_end]

Skill      XL: |  1  2  3 |
---------------+----------+-----
Polearms       | 5 7 |  7.5
Fighting       | 5 6 |  6.2
Armour         | 5 6 |  6.2
Shields        | |  3.6

Action                     |  1- 3 |  4- 6 || total
---------------------------+-------+-------++-------
  Melee: Trident           |    42 |     5 ||    47
         Headbutt          |     4 |     1 ||     5
 Armour: Scale mail        |    13 |     1 ||    14
  Dodge: Dodged            |    13 |     3 ||    16
  Block: Buckler           |    10 |     1 ||    11
